AoeStats
← SlowBoy

Arabia

506762743Analyzed
1v1 RM · 17d ago on Sep 15, 2026· 55m 29s· 2 players
Game mode
Random Map
Map size
Tiny (2 player)
Population
200
Speed
Normal
Resources
Standard
Victory
Conquest
Starting age
Dark Age
Ending age
Imperial Age
RankedLock teamsTeams togetherTeam positionsShared explorationLock speedFull tech treeHidden civsTurbo modeCheats
Victory
Defeat
🇧🇷 Vietnamese · Brazil
1734
+12
🇦🇷 Magyars · Argentina
1653
-12
SlowBoy
6:05 Loom
9:14 Feudal Age
9:46 Double-Bit Axe
12:03 Horse Collar
15:32 Fletching
18:36 Wheelbarrow
22:55 Castle Age
21:16 Gold Mining
22:01 Padded Archer Armor
22:59 Crossbowman
23:35 Bodkin Arrow
23:50 Bow Saw
24:10 Heavy Plow
27:15 Ballistics
28:27 Stone Mining
28:54 Hand Cart
31:05 Town Watch
34:55 Imperial Age
33:01 Thumb Ring
35:01 Murder Holes
35:54 Bracer
36:58 Chemistry
37:01 Two-Man Saw
37:35 Leather Archer Armor
37:25 Elite Skirmisher
38:49 Ring Archer Armor
40:14 Stone Shaft Mining
40:14 Paper Money
39:50 Elite Rattan Archer
41:50 Scale Mail Armor
42:00 Forging
43:18 Scale Barding Armor
44:00 Paper Money
44:30 Iron Casting
43:27 Imperial Skirmisher
44:31 Chain Barding Armor
45:55 Light Cavalry
46:45 Bloodlines
46:35 Husbandry
47:11 Plate Barding Armor
49:58 Crop Rotation
56:01 Siege Engineers
55:37 Treadmill Crane
PNAL | TommyA
5:55 Loom
8:48 Feudal Age
9:37 Double-Bit Axe
20:03 Castle Age
18:56 Fletching
19:01 Gold Mining
19:01 Horse Collar
20:09 Padded Archer Armor
25:07 Leather Archer Armor
29:34 Scale Barding Armor
30:40 Bloodlines
30:31 Scale Mail Armor
30:53 Chain Barding Armor
30:29 Town Watch
30:45 Heavy Plow
37:01 Imperial Age
35:08 Wheelbarrow
35:12 Husbandry
36:38 Light Cavalry
37:06 Cavalier
42:24 Plate Barding Armor
46:09 Town Patrol
47:24 Bow Saw
47:51 Gold Shaft Mining
47:08 Stone Mining
48:34 Hand Cart
48:31 Hussar
54:08 Bodkin Arrow
Connection lost

Rejoining the realm…

Still unreachable

The connection could not be restored.

Session expired

The server has moved on; the page needs a fresh start.